 Dungeon Crawl Stone Soup version 0.23.2 (webtiles) character file.

Game seed: 7136000097437786939

1166 FrozenHourglass the Carver (level 8, -2/61 HPs)
             Began as a Human Monk on Apr 4, 2019.
             Was an Initiate of the Shining One.
             Shot with an arrow by a centaur warrior (10 damage)
             ... created by the fury of Okawaru
             ... on level 6 of the Dungeon.
             The game lasted 00:32:22 (6755 turns).

FrozenHourglass the Carver (Human Monk)             Turns: 6755, Time: 00:32:23

Health: -2/61      AC: 10    Str: 14    XL:     8   Next: 67%
Magic:  0/8        EV:  8    Int: 10    God:    the Shining One [......]
Gold:   281        SH:  0    Dex: 16    Spells: 7/7 levels left

rFire    + + .     SeeInvis .   a - +0 falchion
rCold    . . .     Gourm    .   (no shield)
rNeg     . . .     Faith    .   k - +0 chain mail
rPois    .         Spirit   +   C - +0 helmet
rElec    .         Reflect  .   (no cloak)
rCorr    .         Harm     .   (no gloves)
MR       .....                  (no boots)
Stlth    ..........             E - amulet of guardian spirit
HPRegen  0.20/turn              v - ring of protection from fire
MPRegen  0.11/turn              u - ring of protection from fire

@: lethally poisoned (-2 -> -3), glowing
A: no striking features
a: Renounce Religion


You were on level 6 of the Dungeon.
You worshipped the Shining One.
The Shining One was noncommittal.
You were very full.

You visited 2 branches of the dungeon, and saw 7 of its levels.

You collected 281 gold pieces.

Inventory:

Hand Weapons
 a - a +0 falchion (weapon)
 d - a +3 dagger of freezing
 z - a +0 dagger of chaos
 B - a +1 dagger of venom
Missiles
 f - 4 poisoned needles
 s - 8 tomahawks (quivered)
Armour
 h - a +0 plate armour
 k - a +0 chain mail (worn)
 n - the +1 leather armour of the Elephant {rF- Str+6}
   (You found it on level 4 of the Dungeon)

   It affects your strength (+6).
   It makes you vulnerable to fire.
 C - a +0 helmet (worn)
Jewellery
 b - an uncursed ring of wizardry
 i - a cursed amulet of inaccuracy
 p - an uncursed amulet of the gourmand
 u - a ring of protection from fire (right hand)
 v - a ring of protection from fire (left hand)
 E - an amulet of guardian spirit (around neck)
Wands
 q - a wand of random effects (25)
 y - a wand of digging (6)
 A - a wand of iceblast (8)
Scrolls
 g - a scroll of fear
 j - a scroll of immolation
 l - 3 scrolls of teleportation
 m - 6 scrolls of amnesia
 o - 2 scrolls of enchant weapon
 r - a scroll of identify
Potions
 e - 2 potions of heal wounds
 t - a potion of invisibility {unknown}
 w - a potion of mutation {unknown}
 x - 2 potions of flight {unknown}
Comestibles
 c - 16 rations
 D - 2 chunks of flesh


   Skills:
 + Level 4.3 Fighting
 * Level 8.1 Long Blades
 + Level 0.6 Throwing
 * Level 4.1 Armour
 + Level 4.0 Dodging
 + Level 2.1 Stealth


You had 7 spell levels left.
You didn't know any spells.
Your spell library was empty.

Dungeon Overview and Level Annotations

Branches:
Dungeon (6/15)             Temple (1/1) D:4

Altars:
Ashenzari
Dithmenos
Elyvilon
Fedhas
Gozag
Hepliaklqana
Makhleb
Okawaru
Qazlal
Ru
Sif Muna
Trog
Uskayaw
Vehumet
Wu Jian
Xom
Yredelemnul
Zin
The Shining One


Message History

An orc, an orc warrior, 2 orc wizards and a centaur warrior come into view.
An orc wizard is wielding a +4 vampiric dagger.
You hit the orc warrior but do no damage.
You see here an adder skeleton.
The centaur warrior wields a +0 shortbow.
The centaur warrior shoots an arrow.
The arrow hits you.
The arrow disappears in a puff of smoke!
You feel sick.
The centaur warrior shoots an arrow.
The arrow hits you but does no damage.
The arrow disappears in a puff of smoke!
The centaur warrior shoots an arrow.
The arrow hits you!
The arrow disappears in a puff of smoke!
You see here a scorpion corpse.
The orc wizard casts a cantrip, but nothing happens.
You feel sick.
The centaur warrior shoots an arrow.
The arrow hits you!!
* * * LOW HITPOINT WARNING * * *
The arrow disappears in a puff of smoke!
The centaur warrior shoots an arrow.
The arrow hits you!
You die...

..# ..###..## #.......##
..# ...#....####o......#
..#
##........##c.lo.##....
..####.....(....†o.#.## .
...#...........#####oo#
.............c.# ##.#
.......<.......## l##
......#.........## o.##
##..###..###....@####....
##..# ##.###..##......#.
##..# #.....####..#####.
##..# #.....###...#
....#####<.......#.#
###..#.............# #
##.............≈.# #
#......≈.÷≈.≈...#
##....≈...≈≈≈...#


You could see a centaur warrior.

Vanquished Creatures
  An ogre (D:4)
  A bullfrog (D:6)
  2 scorpions
  2 wights (D:6)
  A howler monkey (Temple)
  2 crimson imps (D:6)
  2 hounds
  2 bullfrog skeletons
  2 iguanas
  Terence (D:3)
  Natasha (thrice) (D:3)
  An orc wizard (D:3)
  3 worker ants
  2 hound zombies (D:6)
  6 gnolls
  13 adders
  2 river rats (D:5)
  2 shadow imps (D:5)
  11 worms
  2 dart slugs
  2 leopard geckos
  14 orcs
  4 bats
  5 giant cockroaches
  5 goblins
  4 hobgoblins
  2 jackals (D:5)
  2 ball pythons (D:3)
  6 frilled lizards
  9 kobolds
  7 rats
121 creatures vanquished.

Notes
Turn   | Place    | Note
-------+----------+-------------------------------------------
     0 | D:1      | FrozenHourglass the Human Monk began the quest for the Orb.
     0 | D:1      | Reached XP level 1. HP: 18/18 MP: 1/1
   318 | D:1      | Reached XP level 2. HP: 24/24 MP: 2/2
   934 | D:2      | Reached XP level 3. HP: 23/29 MP: 3/3
  1891 | D:3      | Reached XP level 4. HP: 33/35 MP: 4/4
  1971 | D:3      | Reached skill level 1 in Armour
  2066 | D:3      | You fall through a shaft for 3 floors!
  2067 | D:6      | Found a stormy altar of Qazlal.
  2084 | D:5      | Entered Level 5 of the Dungeon
  2111 | D:5      | Found a shadowy altar of Dithmenos.
  2143 | D:4      | Reached skill level 4 in Long Blades
  2165 | D:4      | Reached XP level 5. HP: 5/41 MP: 5/5
  2455 | D:4      | Found a glowing silver altar of Zin.
  2533 | D:4      | Found a staircase to the Ecumenical Temple.
  2544 | D:3      | Found a hazy altar of Hepliaklqana.
  2798 | D:3      | Reached XP level 6. HP: 40/47 MP: 6/6
  2845 | D:3      | Reached skill level 5 in Long Blades
  2853 | D:3      | Noticed Terence
  2877 | D:3      | Killed Terence
  3585 | D:3      | Noticed Natasha
  3615 | D:3      | Killed Natasha
  3949 | D:3      | Noticed Natasha
  3963 | D:3      | Killed Natasha
  3963 | D:3      | Reached XP level 7. HP: 37/52 MP: 7/7
  3998 | D:3      | Noticed Natasha
  4007 | D:3      | Killed Natasha
  4007 | D:3      | Reached skill level 6 in Long Blades
  4196 | D:4      | Found a white marble altar of Elyvilon.
  4573 | Temple   | Entered the Ecumenical Temple
  4670 | Temple   | Became a worshipper of Warmaster Okawaru
  4670 | Temple   | Reached * piety under Okawaru
  4670 | Temple   | Reached ** piety under Okawaru
  4863 | D:4      | Got an ichor-stained leather armour
  4874 | D:4      | Identified the cursed +1 leather armour of the Elephant
                  | {rF- Str+6} (You found it on level 4 of the Dungeon)
  5366 | D:5      | Reached skill level 7 in Long Blades
  5479 | D:5      | Reached XP level 8. HP: 19/60 MP: 8/8
  6275 | D:6      | Found an opulent altar of Gozag.
  6337 | D:6      | Found a burning altar of Makhleb.
  6338 | D:6      | Found a shimmering altar of Xom.
  6403 | D:6      | Found a radiant altar of Vehumet.
  6531 | D:6      | Found a bloodstained altar of Trog.
  6587 | D:6      | Found a glowing golden altar of the Shining One.
  6639 | D:6      | Reached skill level 8 in Long Blades
  6643 | D:6      | Fell from the grace of Okawaru
  6643 | D:6      | Became a worshipper of the Shining One
  6745 | D:6      | Noticed a centaur warrior
  6755 | D:6      | Shot with an arrow by a centaur warrior

Skill      XL: |  1  2  3  4  5  6  7  8 |
---------------+-------------------------+-----
Armour         | 1 2 3 4 |  4.1
Long Blades    | 4 5 7 8 |  8.1
Fighting       | 4 |  4.3
Dodging        | 4 |  4.0
Throwing       | |  0.6
Stealth        | |  2.1

Action                   |  1- 3 |  4- 6 |  7- 9 || total
-------------------------+-------+-------+-------++-------
Melee: Falchion          |   111 |   279 |   417 ||   807
Throw: Tomahawk          |       |       |     8 ||     8
Invok: Heroism           |       |       |     1 ||     1
  Use: Scroll            |     5 |     2 |     4 ||    11
       Potion            |       |     5 |     2 ||     7
 Stab: Sleeping          |     4 |       |     1 ||     5
       Distracted        |     1 |       |       ||     1
  Eat: Chunk             |    10 |    11 |     8 ||    29
Armor: Leather armour    |    10 |       |    13 ||    23
       Ring mail         |    13 |    46 |       ||    59
       Skin              |       |    59 |       ||    59
       Scale mail        |       |    50 |    15 ||    65
       Chain mail        |       |       |   104 ||   104
Dodge: Dodged            |    70 |   163 |   159 ||   392
       Rpst.: Falchion   |    25 |    48 |    54 ||   127
